 Dungeon Crawl Stone Soup version 0.30-a0-377-g5cb311bc9f (webtiles) character file.

Game seed: 17510236567607469508

1345 sleeves the Martial Artist (level 8, 0/84 HPs)
             Began as a Demonspawn Transmuter on Nov 28, 2022.
             Was an Initiate of Makhleb.
             Slain by a shadow (4 damage)
             ... on level 6 of the Dungeon.
             The game lasted 00:06:01 (5714 turns).

sleeves the Martial Artist (Demonspawn Transmuter)  Turns: 5714, Time: 00:06:01

Health: 0/84       AC: 24    Str: 13    XL:     8   Next: 36%
Magic:  0/13       EV:  2    Int: 14    God:    Makhleb [......]
Gold:   316        SH:  4    Dex: 14    Spells: 10/11 levels left

rFire   . . .      SeeInvis .      - Unarmed
rCold   . . .      Faith    .    (no shield)
rNeg    . . .      Spirit   +    (body armour currently unavailable)
rPois   +          Reflect  .    (helmet currently unavailable)
rElec   .          Harm     .    (cloak currently unavailable)
rCorr   .          Rampage  .    (gloves currently unavailable)
Will    +....      NoTele   +    (boots currently unavailable)
Stlth   +.........               (no amulet)
HPRegen 0.34/turn                q - ring of willpower
MPRegen 0.26/turn                (no ring)

@: tree-form
A: stationary, stasis, torment immunity, boosted hp, rugged brown scales 2,
magic shield, magic regeneration, magic link, condensation shield, (demonic
touch 1)
a: Renounce Religion


You were on level 6 of the Dungeon.
You worshipped Makhleb.
Makhleb was noncommittal.
You were a tree.
You visited 2 branches of the dungeon, and saw 7 of its levels.

You collected 316 gold pieces.

Inventory:

Armour
 a - a +0 helmet (melded)
   (You took it off Robin on level 3 of the Dungeon)
 f - a +0 cloak (melded)
   (You found it on level 1 of the Dungeon)
 r - the +3 robe "Dyfecam" (melded) {rPois rF- Int+4 Dex+3}
   (You found it on level 3 of the Dungeon)

   Int:       It affects your intelligence (+4).
   Dex:       It affects your dexterity (+3).
   rF:        It makes you vulnerable to fire.
   rPois:     It protects you from poison.
Jewellery
 q - a ring of willpower (left branch)
   (You found it on level 3 of the Dungeon)
 w - an amulet of the acrobat
   (You found it on level 5 of the Dungeon)
Wands
 k - a wand of polymorph (8)
   (You found it on level 2 of the Dungeon)
 u - a wand of acid (21)
   (You found it on level 4 of the Dungeon)
Scrolls
 d - 4 scrolls of teleportation {unknown}
 e - 6 scrolls of identify {unknown}
 j - a scroll of summoning {unknown}
 l - a scroll of poison {unknown}
 m - a scroll of immolation {unknown}
 n - a scroll of blinking {unknown}
 o - 3 scrolls of vulnerability {unknown}
 t - a scroll of fear {unknown}
 v - 2 scrolls of magic mapping {unknown}
Potions
 b - a potion of lignification
 c - 2 potions of berserk rage {unknown}
 g - 4 potions of curing {unknown}
 h - 2 potions of mutation {unknown}
 i - 3 potions of flight {unknown}
 p - a potion of cancellation {unknown}
 s - 2 potions of heal wounds {unknown}


   Skills:
 - Level 1.0 Fighting
 - Level 1.7 Dodging
 + Level 8.0 Unarmed Combat
 - Level 2.0 Spellcasting
 - Level 1.7 Transmutations
 + Level 7.9 Invocations


You had 10 spell levels left.
You knew the following spells:

 Your Spells              Type           Power      Damage    Failure   Level
a - Beastly Appendage     Tmut           12%        N/A       12%         1

Your spell library contained the following spells:

 Spells                   Type           Power      Damage    Failure   Level
 Sting                    Tmut/Pois      12%        1d3       17%         1
 Wereblood                Tmut           6%         N/A       17%         2
 Blink                    Tloc           2%         N/A       34%         2
 Momentum Strike          Conj/Tloc      2%         3d8       34%         2
 Poisonous Vapours        Pois/Air       2%         N/A       34%         2
 Spider Form              Tmut/Pois      3%         N/A       45%         3
 Lesser Beckoning         Tloc           2%         N/A       56%         3
 Stone Arrow              Conj/Erth      2%         3d7       56%         3
 Ice Form                 Ice/Tmut       3%         N/A       86%         4
 Animate Armour           Summ/Erth      2%         N/A       93%         4
 Olgreb's Toxic Radiance  Pois           1%         N/A       93%         4
 Lehudib's Crystal Spear  Conj/Erth      0%         10d2      100%        8


Dungeon Overview and Level Annotations

Branches:
Dungeon (6/15)             Temple (1/1) D:4

Altars:
Ashenzari
Cheibriados
Dithmenos
Fedhas
Gozag
Kikubaaqudgha
Makhleb
Nemelex Xobeh
Okawaru
Qazlal
Ru
Sif Muna
Trog
Uskayaw
Vehumet
Wu Jian
Yredelemnul


Innate Abilities, Weirdness & Mutations

You are a tree.
Your roots penetrate the ground, keeping you stationary.
You cannot be teleported.
You are immune to unholy pain and torment.
Your maximum health is greatly increased.
Your equipment is partially melded.
(You are mostly covered in rugged brown scales. (AC +2, +5% HP))
When hurt, damage is shared between your health and your magic reserves.
You regenerate magic rapidly.
When low on magic, you restore magic in place of health.
A meltable shield of frost defends you. (SH +4)
((Your touch may inflict minor irresistible damage on your foes.))


Message History

You now have 212 gold pieces (gained 17).
s - an amethyst potion A jelly comes into view.
The jelly quivers.
A jelly is nearby!
The jelly closely misses you.
You grow a pair of large bovine horns.
Your feet morph into talons.
Your +0 helmet melds into your body.
A ball python comes into view.
The jelly hits you but does no damage.
You barely miss the jelly. You claw the jelly.
The jelly is lightly wounded.
The jelly hits you but does no damage.
You hit the jelly. The acid corrodes you!
Your hands burn!
You headbutt the jelly, but do no damage.
The jelly is moderately wounded.
The jelly misses you.
You hit the jelly but do no damage.
Your hands burn!
You headbutt the jelly, but do no damage.
The jelly is moderately wounded.
The ball python barely misses you. The ball python misses you.
The jelly barely misses you.
You hit the jelly.
Your hands burn!
You claw the jelly.
The jelly is severely wounded.
The ball python barely misses you. The ball python closely misses you.
The jelly closely misses you.
You hit the jelly.
Your hands burn!
You claw the jelly.
You kill the jelly!
Makhleb accepts your kill. The ball python barely misses you. x2
Your Invocations skill increases to level 1!
You are too injured to fight recklessly!
You are too injured to fight recklessly!
You are too injured to fight recklessly!
You are too injured to fight recklessly!
You are too injured to fight recklessly!
You are too injured to fight recklessly!
You are too injured to fight recklessly!
You are too injured to fight recklessly!
You are too injured to fight recklessly!
You are too injured to fight recklessly!
You are too injured to fight recklessly!
You are too injured to fight recklessly!
You are too injured to fight recklessly!
You hit the ball python.
You claw the ball python, but do no damage.
You punch the ball python.
You kill the ball python!
Makhleb accepts your kill.
You see here a ball python corpse.
Your transformation is almost over.
You are no longer corroded.
Your horns disappear.
Your talons disappear.
Your +0 helmet unmelds from your body.
HP restored.
t - a scroll labelled ODATERUXT You open the door.
There is an open door here.
You enter the shallow water.
Moving in this stuff is going to be slow.
You open the door.
There is an open door here.
A scorpion comes into view.
A scorpion is nearby!
You hit the scorpion but do no damage.
The scorpion stings you but does no damage.
You barely miss the scorpion. The scorpion misses you.
You completely miss the scorpion. The scorpion stings you.
You hit the scorpion.
The scorpion is lightly wounded.
The scorpion misses you.
You hit the scorpion.
The scorpion is moderately wounded.
The scorpion stings you.
You hit the scorpion.
The scorpion is heavily wounded.
The scorpion stings you.
Casting: Beastly Appendage (safe; 9% risk of failure)
Confirm with . or Enter, or press ? or * to list all spells.
You grow a pair of large bovine horns.
Your feet morph into talons.
Your +0 helmet melds into your body.
The scorpion barely misses you.
You closely miss the scorpion.
The scorpion is heavily wounded.
The scorpion stings you but does no damage. x2
You barely miss the scorpion.
You claw the scorpion, but do no damage.
Your headbutt misses the scorpion.
The scorpion is heavily wounded.
The scorpion closely misses you.
You barely miss the scorpion.
The scorpion is heavily wounded.
The scorpion barely misses you.
You hit the scorpion. You claw the scorpion.
The scorpion is almost dead.
The scorpion stings you.
You completely miss the scorpion.
You claw the scorpion, but do no damage.
Your headbutt misses the scorpion.
The scorpion is almost dead.
The scorpion stings you but does no damage.
You barely miss the scorpion.
You claw the scorpion, but do no damage.
The scorpion is almost dead.
The scorpion stings you but does no damage.
You hit the scorpion but do no damage. Your headbutt misses the scorpion.
The scorpion is almost dead.
The scorpion closely misses you.
You hit the scorpion but do no damage.
You headbutt the scorpion, but do no damage.
The scorpion is almost dead.
Your transformation is almost over.
The scorpion closely misses you.
You hit the scorpion.
You kill the scorpion!
Makhleb accepts your kill.
Your Invocations skill increases to level 2!
You have reached level 6!
Your demonic ancestry asserts itself...
Your hands begin to faintly glow with unholy energy.
Your horns disappear.
Your talons disappear.
Your +0 helmet unmelds from your body.
Found a stone staircase leading down.
There is a stone staircase leading down here.
A ball python comes into view.
A ball python is nearby!
A ball python is nearby!
Unknown command.
You grow a pair of large bovine horns.
Your feet morph into talons.
Your +0 helmet melds into your body.
The ball python hisses angrily.
No target in view!
No target in view!
No target in view!
No target in view!
No target in view!
No target in view!
No target in view!
You hit the ball python but do no damage.
The ball python bites you but does no damage.
The ball python grabs you. The ball python constricts you.
You closely miss the ball python. Your headbutt misses the ball python.
The ball python closely misses you. The ball python constricts you.
You hit the ball python. You claw the ball python.
You kill the ball python!
Makhleb accepts your kill.
No target in view!
No target in view!
No target in view!
No target in view!
An ogre comes into view. It is wielding a +0 giant club.
Your transformation is almost over.
The ogre shouts!
You see here a +2 dagger of venom.
You extend your transformation's duration.
The ogre hits you with a +0 giant club!!
You are too injured to fight recklessly!
You are too injured to fight recklessly!
You are too injured to fight recklessly!
You are too injured to fight recklessly!
You are too injured to fight recklessly!
You are too injured to fight recklessly!
You are too injured to fight recklessly!
You are too injured to fight recklessly!
You hit the ogre. You claw the ogre.
The ogre is moderately wounded.
You hit the ogre. You claw the ogre.
The ogre is severely wounded.
The ogre closely misses you.
You hit the ogre but do no damage. You claw the ogre, but do no damage.
Your headbutt misses the ogre.
You touch the ogre!
The ogre is almost dead.
You punch the ogre!
You kill the ogre!
Makhleb accepts your kill.
Your Unarmed Combat skill increases to level 6!
Your Invocations skill increases to level 3!
Your transformation is almost over.
Your horns disappear.
Your talons disappear.
Your +0 helmet unmelds from your body.
You see here a +0 giant club.
You see here a +0 giant club.
You now have 223 gold pieces (gained 11).
u - a wand of acid (13)
s - 2 amethyst potions (gained 1)
Found a chain mail.
You see here a +0 chain mail.
u - a wand of acid (21) (gained 8 charges)
Found 5 stones.
There is a stone staircase leading up here.
You see here a +0 ring mail.
A goblin comes into view. It is wielding a +0 dagger.
The helpless goblin fails to defend itself.
You hit the goblin.
You kill the goblin!
Makhleb accepts your kill.
No target in view!
No target in view!
You see here a +0 dagger.
Found a falchion.
v - a scroll labelled ISHRORO JUFOPTE You see here a +0 falchion.
You now have 234 gold pieces (gained 11).
You see here a +0 falchion.
You see here a +0 falchion.
There is a stone staircase leading down here.
There is a stone staircase leading down here.
Found a stone staircase leading up.
You now have 252 gold pieces (gained 18).
Done exploring.
No target in view!
No target in view!
No target in view!
No target in view!
No target in view!
No target in view!
No target in view!
No target in view!
Done exploring.
Done exploring.
Done exploring.
(D) Dungeon (T) Temple
Where to? (Enter - D:4, ? - help)
There is a stone staircase leading down here.
You climb downwards.
Found 2 stones.
Found a stone staircase leading down.
There is a stone staircase leading up here.
A scorpion comes into view.
A scorpion is nearby!
You hit the scorpion but do no damage.
The scorpion stings you but does no damage.
You hit the scorpion.
You touch the scorpion!
The scorpion is severely wounded.
The scorpion stings you but does no damage.
You hit the scorpion.
You kill the scorpion!
Makhleb accepts your kill.
No target in view!
No target in view!
No target in view!
No target in view!
No target in view!
No target in view!
Found a stone staircase leading down.
A hound comes into view.
A hound is nearby!
An ufetubus comes into view.
The ufetubus shouts!
The hound barks!
You closely miss the ufetubus. The ufetubus barely misses you.
The ufetubus closely misses you.
You hit the ufetubus but do no damage. Your touch misses the ufetubus.
The ufetubus barely misses you. The ufetubus closely misses you.
The ufetubus hits you but does no damage.
The ufetubus barely misses you.
You closely miss the hound. Your touch misses the hound.
The hound pauses to sniff the ground.
The hound misses you.
The ufetubus hits you but does no damage.
The ufetubus barely misses you.
You hit the hound.
You touch the hound!
The hound is severely wounded.
The hound bites you.
The ufetubus hits you but does no damage.
The ufetubus barely misses you.
You closely miss the hound.
The hound is severely wounded.
The hound bites you but does no damage.
The ufetubus hits you but does no damage. x2
The hound misses you.
The ufetubus hits you but does no damage.
The ufetubus hits you.
You hit the hound. Your touch misses the hound.
The hound is almost dead.
The hound misses you. The ufetubus completely misses you.
The ufetubus hits you but does no damage.
Casting: Beastly Appendage (safe; 9% risk of failure)
Confirm with . or Enter, or press ? or * to list all spells.
You grow a pair of large bovine horns.
Your feet morph into talons.
Your +0 helmet melds into your body.
The hound completely misses you. The ufetubus barely misses you.
The ufetubus closely misses you. The hound barely misses you.
You hit the hound. You claw the hound.
You kill the hound!
Makhleb accepts your kill.
The ufetubus hits you but does no damage.
The ufetubus barely misses you. x2; The ufetubus closely misses you.
Your Invocations skill increases to level 4!
You closely miss the ufetubus. Your touch misses the ufetubus.
The ufetubus closely misses you. The ufetubus barely misses you.
You punch the ufetubus!
You kill the ufetubus!
Makhleb accepts your kill.
No target in view!
No target in view!
No target in view!
No target in view!
No target in view!
No target in view!
No target in view!
No target in view!
Your transformation is almost over.
Magic restored.
Your horns disappear.
Your talons disappear.
Your +0 helmet unmelds from your body.
HP restored.
You now have 267 gold pieces (gained 15).
A hound comes into view.
A hound is nearby!
A hound is nearby!
A hound is nearby!
You grow a pair of large bovine horns.
Your feet morph into talons.
Your +0 helmet melds into your body.
The hound bites you.
You hit the hound. Your kick misses the hound.
The hound is moderately wounded.
The hound bites you but does no damage. The hound bites you.
You barely miss the hound. Your kick misses the hound.
Your touch misses the hound.
The hound is moderately wounded.
The hound closely misses you.
You closely miss the hound.
The hound is moderately wounded.
The hound bites you but does no damage.
You barely miss the hound. Your kick misses the hound. You headbutt the hound!
The hound is severely wounded.
The hound bites you but does no damage. The hound bites you.
You barely miss the hound. Your kick misses the hound.
The hound is severely wounded.
The hound bites you but does no damage.
You closely miss the hound. Your kick misses the hound.
You headbutt the hound, but do no damage.
The hound is severely wounded.
The hound bites you but does no damage. The hound barely misses you.
You hit the hound.
You kill the hound!
Makhleb accepts your kill.
Your transformation is almost over.
No target in view!
No target in view!
No target in view!
Your horns disappear.
Your talons disappear.
Your +0 helmet unmelds from your body.
You see here a hound corpse.
You now have 282 gold pieces (gained 15).
You now have 286 gold pieces (gained 4).
Found a stone staircase leading down.
i - 3 fuming purple potions (gained 1)
Found a war axe.
Found a stone staircase leading up.
No target in view!
You see here a +0 war axe.
A hound comes into view.
A hound is nearby!
A hound is nearby!
A hound is nearby!
Found an escape hatch in the ceiling.
The hound completely misses you.
There is a stone staircase leading up here.
You miss the hound. The hound bites you but does no damage.
You barely miss the hound. The hound bites you.
The hound bites you but does no damage.
You closely miss the hound. Your touch misses the hound.
The hound barely misses you.
You closely miss the hound. The hound closely misses you.
You hit the hound.
The hound is heavily wounded.
The hound bites you. The hound barely misses you.
You barely miss the hound.
The hound is heavily wounded.
The hound bites you.
You closely miss the hound.
You touch the hound!
You kill the hound!
Makhleb accepts your kill.
No target in view!
No target in view!
No target in view!
No target in view!
v - 2 scrolls labelled ISHRORO JUFOPTE (gained 1)
An ufetubus comes into view.
The ufetubus shouts!
An ufetubus is nearby!
An ufetubus is nearby!
An ufetubus is nearby!
The ufetubus hits you but does no damage. x2
You hit the ufetubus.
The ufetubus is severely wounded.
The ufetubus hits you but does no damage.
The ufetubus barely misses you.
You punch the ufetubus!
You kill the ufetubus!
Makhleb accepts your kill.
You have reached level 7!
Your demonic ancestry asserts itself...
Frost condenses into a shield before you.
Found an escape hatch in the floor.
An orc and a scorpion come into view.
The orc shouts!
There are monsters nearby!
There are monsters nearby!
An orc and an orc wizard come into view.
The orc wizard shouts!
You hear a shout!
The orc moves out of view.
Casting: Beastly Appendage (safe; 9% risk of failure)
Confirm with . or Enter, or press ? or * to list all spells.
You grow a pair of large bovine horns.
Your feet morph into talons.
Your +0 helmet melds into your body.
You punch the scorpion!
You touch the scorpion!
The scorpion is almost dead.
The scorpion barely misses you.
You barely miss the scorpion.
You headbutt the scorpion, but do no damage.
You touch the scorpion.
You kill the scorpion!
Makhleb accepts your kill.
The orc shouts!
You punch the orc!
You kill the orc!
Makhleb accepts your kill.
You completely miss the orc wizard. Your kick misses the orc wizard.
You touch the orc wizard!
The orc wizard is heavily wounded.
The orc wizard hits you but does no damage.
You completely miss the orc wizard. Your kick misses the orc wizard.
You headbutt the orc wizard. Your touch misses the orc wizard.
The orc wizard is heavily wounded.
The orc wizard hits you with a +0 dagger.
You hit the orc wizard but do no damage.
You claw the orc wizard. Your touch misses the orc wizard.
The orc wizard is almost dead.
You block the orc wizard's attack.
You hit the orc wizard but do no damage.
You claw the orc wizard.
You kill the orc wizard!
Makhleb accepts your kill.
Your transformation is almost over.
You hit the orc. You claw the orc.
You kill the orc!
Makhleb accepts your kill.
No target in view!
No target in view!
No target in view!
No target in view!
No target in view!
No target in view!
No target in view!
No target in view!
No target in view!
No target in view!
No target in view!
No target in view!
No target in view!
No target in view!
No target in view!
Items here: ))) [[[ †††.
A centaur comes into view.
A centaur is nearby!
A centaur is nearby!
A centaur is nearby!
The centaur wields a +0 shortbow.
The centaur shoots an arrow.
The arrow barely misses you.
Your horns disappear.
Your talons disappear.
Your +0 helmet unmelds from your body.
The centaur shoots an arrow.
The arrow misses you.
The centaur shoots an arrow.
The arrow misses you.
The centaur shoots an arrow.
The arrow hits you!
The centaur shoots an arrow.
The arrow hits you.
The centaur unwields a +0 shortbow.
The centaur hits you but does no damage.
The centaur kicks you but does no damage.
You hit the centaur.
You touch the centaur.
The centaur is moderately wounded.
The centaur hits you. The centaur completely misses you.
You hit the centaur but do no damage.
The centaur is moderately wounded.
The centaur closely misses you. The centaur barely misses you.
The centaur hits you but does no damage.
The centaur kicks you but does no damage.
You completely miss the centaur.
You touch the centaur!
The centaur is severely wounded.
The centaur hits you but does no damage.
You block the centaur's attack.
You closely miss the centaur.
The centaur is severely wounded.
The centaur completely misses you.
The centaur kicks you but does no damage.
You barely miss the centaur.
You touch the centaur.
You kill the centaur!
Makhleb accepts your kill.
Your Invocations skill increases to level 5!
No target in view!
No target in view!
No target in view!
No target in view!
No target in view!
No target in view!
No target in view!
No target in view!
No target in view!
Things that are here:
a +0 shortbow; a centaur corpse You now have 295 gold pieces (gained 9).
You pick up a Young Poisoner's Handbook and begin reading...
You add the spells Sting, Poisonous Vapours and Olgreb's Toxic Radiance to your library.
You now have 305 gold pieces (gained 10).
Found a ring mail.
You open the door.
There is an open door here.
e - 5 scrolls labelled NIUGAE YXAYSUA (gained 1)
Found 2 stones.
No target in view!
No target in view!
A quokka comes into view.
A quokka is nearby!
A quokka is nearby!
A quokka is nearby!
Okay, then.
The helpless quokka fails to defend itself.
You punch the quokka!
You kill the quokka!
Makhleb accepts your kill.
No target in view!
No target in view!
No target in view!
No target in view!
No target in view!
No target in view!
You see here 2 stones.
As you open the door, it creaks loudly!
There is an open door here.
A hound comes into view.
A hound is nearby!
The hound barks!
The hound barely misses you. The hound bites you but does no damage.
You hit the hound.
The hound is lightly wounded.
The hound closely misses you.
You punch the hound! Your touch misses the hound.
The hound is severely wounded.
The hound closely misses you.
You barely miss the hound.
The hound is severely wounded.
The hound bites you but does no damage. The hound bites you.
You closely miss the hound.
You touch the hound.
You kill the hound!
Makhleb accepts your kill.
No target in view!
No target in view!
No target in view!
No target in view!
No target in view!
w - an amulet of the acrobat
There is a stone staircase leading down here.
An iguana comes into view.
Found a spear.
The iguana moves out of view.
Found a spear.
The iguana hisses angrily.
You closely miss the iguana. Your touch misses the iguana.
The iguana hisses menacingly.
The iguana bites you!
You hit the iguana.
You touch the iguana!
The iguana is heavily wounded.
The iguana closely misses you.
You barely miss the iguana.
You touch the iguana!
You kill the iguana!
Makhleb accepts your kill.
Your Unarmed Combat skill increases to level 7!
No target in view!
No target in view!
No target in view!
No target in view!
No target in view!
No target in view!
No target in view!
Something unseen opens the door.
You sense a monster nearby.
A kobold is nearby!
A kobold is nearby!
The kobold hits you but does no damage.
You barely miss the kobold. The kobold closely misses you.
You closely miss the kobold. The kobold closely misses you.
You punch the kobold!
You kill the kobold!
Makhleb accepts your kill.
No target in view!
No target in view!
No target in view!
No target in view!
Found a stone staircase leading up.
You pick up a book of Armaments and begin reading...
You add the spells Stone Arrow, Animate Armour and Lehudib's Crystal Spear to your library.
Found a ring mail.
No target in view!
You see here a +0 ring mail.
An iguana comes into view.
An iguana is nearby!
An iguana is nearby!
Okay, then.
An iguana is nearby!
The iguana hisses angrily.
The iguana barely misses you.
You hit the iguana. Your punch misses the iguana.
The iguana is moderately wounded.
The iguana bites you but does no damage.
You hit the iguana.
The iguana is heavily wounded.
The iguana misses you.
You hit the iguana.
You touch the iguana.
You kill the iguana!
Makhleb accepts your kill.
No target in view!
No target in view!
No target in view!
No target in view!
No target in view!
No target in view!
No target in view!
No target in view!
You see here an iguana corpse.
An iguana comes into view.
An iguana is nearby!
An iguana is nearby!
Found a scroll labelled UKKUEH KIBAMM.
The helpless iguana fails to defend itself.
You punch the iguana!
The iguana is severely wounded.
The iguana bites you!
You hit the iguana but do no damage.
The iguana is severely wounded.
The iguana closely misses you.
You hit the iguana.
The iguana is almost dead.
The iguana bites you but does no damage.
You barely miss the iguana.
You touch the iguana.
You kill the iguana!
Makhleb accepts your kill.
No target in view!
No target in view!
No target in view!
No target in view!
No target in view!
o - 3 scrolls labelled UKKUEH KIBAMM (gained 1) Done exploring.
Done exploring.
Done exploring.
No target in view!
No target in view!
No target in view!
(D) Dungeon (T) Temple
Where to? (Enter - D:5, ? - help)
There is a stone staircase leading down here.
You climb downwards.
You hear the sound of rushing water.
There is an entrance to a sewer on this level.
Hurry and find it before the portal rusts away!
Found a book of Spatial Translocations.
There is a stone staircase leading up here.
The helpless scorpion fails to defend itself.
You hit the scorpion but do no damage. You block the scorpion's attack.
You barely miss the scorpion. The scorpion closely misses you.
You hit the scorpion but do no damage. The scorpion closely misses you.
You closely miss the scorpion.
You touch the scorpion!
The scorpion is heavily wounded.
The scorpion barely misses you.
You hit the scorpion. Your touch misses the scorpion.
Your punch misses the scorpion.
The scorpion is severely wounded.
The scorpion stings you.
You hit the scorpion.
The scorpion is almost dead.
The scorpion barely misses you.
You hit the scorpion.
You touch the scorpion.
You kill the scorpion!
Makhleb accepts your kill.
Your Invocations skill increases to level 6!
No target in view!
Magic restored.
HP restored.
A water moccasin comes into view.
Found a scroll labelled NIUGAE YXAYSUA.
Unknown command.
Blork the orc comes into view.
He is wielding a +0 mace.
Blork the orc shouts!
A gnoll sergeant comes into view. It is wielding a +0 vorpal spear.
The gnoll sergeant shouts!
Blork the orc casts a spell at you. The magic dart hits you.
Blork the orc casts a spell at you. You block the puff of flame.
The water moccasin bites you.
A shadow comes into view.
The water moccasin closely misses you.
There is a stone staircase leading up, spattered with blood here.
The water moccasin bites you but does no damage.
The water moccasin closely misses you.
You climb upwards.
There is a stone staircase leading down here.
Casting: Beastly Appendage (safe; 9% risk of failure)
Confirm with . or Enter, or press ? or * to list all spells.
You grow a pair of large bovine horns.
Your feet morph into talons.
Your +0 helmet melds into your body.
The water moccasin bites you.
You hit the water moccasin but do no damage.
You claw the water moccasin.
Your headbutt misses the water moccasin.
Your touch misses the water moccasin.
The water moccasin is lightly wounded.
You block the water moccasin's attack.
You closely miss the water moccasin. You claw the water moccasin.
Your headbutt misses the water moccasin.
The water moccasin is moderately wounded.
The water moccasin bites you!
You punch the water moccasin! You claw the water moccasin.
Your headbutt misses the water moccasin.
The water moccasin is severely wounded.
The water moccasin bites you but does no damage.
You block the water moccasin's attack.
You hit the water moccasin. Your kick misses the water moccasin.
You headbutt the water moccasin. Your touch misses the water moccasin.
The water moccasin is almost dead.
The water moccasin barely misses you.
You barely miss the water moccasin. You claw the water moccasin.
Your touch misses the water moccasin.
The water moccasin is almost dead.
The water moccasin barely misses you.
You closely miss the water moccasin. Your touch misses the water moccasin.
The water moccasin is almost dead.
The water moccasin bites you but does no damage.
You hit the water moccasin.
You kill the water moccasin!
Makhleb accepts your kill.
No target in view!
No target in view!
No target in view!
No target in view!
No target in view!
You start resting.
Your transformation is almost over.
Magic restored.
You start resting.
Your horns disappear.
Your talons disappear.
Your +0 helmet unmelds from your body.
Casting: Beastly Appendage (safe; 9% risk of failure)
Confirm with . or Enter, or press ? or * to list all spells.
You don't know that spell.
You start resting.
HP restored.
Casting: Beastly Appendage (safe; 9% risk of failure)
Confirm with . or Enter, or press ? or * to list all spells.
You grow a pair of large bovine horns.
Your feet morph into talons.
Your +0 helmet melds into your body.
You climb downwards.
You hear the sound of rushing water.
There is an entrance to a sewer on this level.
Hurry and find it before the portal rusts away!
Level annotation: Blork the orc You hear the slow rusting of a distant drain.
Blork the orc casts a spell at you. The magic dart hits you.
There is a stone staircase leading up, spattered with blood here.
The gnoll sergeant completely misses you.
Blork the orc hits you with a +0 mace!
You climb upwards.
Your transformation is almost over.
There is a stone staircase leading down, spattered with blood here.
You hit Blork the orc but do no damage. Your kick misses Blork the orc.
Blork the orc closely misses you.
You hit Blork the orc but do no damage. You claw Blork the orc.
You touch Blork the orc!
Your punch misses Blork the orc.
Blork the orc is heavily wounded.
Blork the orc mumbles some strange words.
Blork the orc seems to speed up.
You completely miss Blork the orc. You claw Blork the orc.
You headbutt Blork the orc.
You punch Blork the orc, but do no damage.
Blork the orc is severely wounded.
Blork the orc gestures at you while chanting.
The puff of frost hits you.
You closely miss Blork the orc. You claw Blork the orc.
Your headbutt misses Blork the orc.
Blork the orc is almost dead.
Blork the orc hits you with a +0 mace. x2
You barely miss Blork the orc. You claw Blork the orc.
Blork the orc is almost dead.
Blork the orc misses you.
You punch Blork the orc!
You kill Blork the orc!
Makhleb accepts your kill.
You have reached level 8!
You feel stronger.
Your demonic ancestry asserts itself...
You feel your life force and your magical essence meld.
Things that are here:
a +0 mace; a +0 robe; the orc corpse of Blork the orc
There is a stone staircase leading down, spattered with blood here.
You start resting.
Your horns disappear.
Your talons disappear.
Your +0 helmet unmelds from your body.
You start resting.
Magic restored.
Casting: Beastly Appendage (safe; 9% risk of failure)
Confirm with . or Enter, or press ? or * to list all spells.
You don't know that spell.
You start resting.
HP restored.
Casting: Beastly Appendage (safe; 9% risk of failure)
Confirm with . or Enter, or press ? or * to list all spells.
You grow a pair of large bovine horns.
Your feet morph into talons.
Your +0 helmet melds into your body.
You climb downwards.
You hear the sound of rushing water.
There is an entrance to a sewer on this level.
Hurry and find it before the portal rusts away!
You hear the slow rusting of a distant drain.
There is a stone staircase leading up, spattered with blood here.
The gnoll sergeant barely misses you.
The gnoll sergeant hits you but does no damage.
You barely miss the gnoll sergeant. You claw the gnoll sergeant!
You headbutt the gnoll sergeant.
The gnoll sergeant is heavily wounded.
You closely miss the gnoll sergeant. You claw the gnoll sergeant.
You touch the gnoll sergeant!
The gnoll sergeant is severely wounded.
The gnoll sergeant closely misses you.
You hit the gnoll sergeant but do no damage.
You claw the gnoll sergeant.
You kill the gnoll sergeant!
Makhleb accepts your kill.
Your transformation is almost over.
Your Invocations skill increases to level 7!
No target in view!
You now have 316 gold pieces (gained 11).
Things that are here:
a +0 vorpal spear; a +0 ring mail; a gnoll corpse You pick up a book of Spatial Translocations and begin reading...
You add the spells Blink, Momentum Strike and Lesser Beckoning to your library.
Your horns disappear.
Your talons disappear.
Your +0 helmet unmelds from your body.
e - 6 scrolls labelled NIUGAE YXAYSUA (gained 1)
An adder comes into view.
Found 5 poisoned darts, a potion of might and a war axe.
An adder is nearby!
Found a mace.
You see here 11 gold pieces.
You see here 5 poisoned darts.
An adder comes into view.
Found 15 gold pieces.
The adder hisses angrily.
You hear a shout!
The adder hisses angrily.
The adder misses you. The adder closely misses you.
You hear a shout!
You see here a potion of might.
You closely miss the adder. Your touch misses the adder.
A hound comes into view. x2
The adder bites you but does no damage. The adder closely misses you.
The hound barks! x2
You hit the adder.
The adder is lightly wounded.
The adder bites you.
A centaur comes into view.
The adder barely misses you.
You completely miss the adder.
The adder is lightly wounded.
The adder bites you but does no damage. x2
An orc comes into view.
It is wielding a +0 short sword and quivering poisoned darts.
You hit the adder.
The adder is heavily wounded.
The adder bites you but does no damage. x2
You hit the adder.
You kill the adder!
Makhleb accepts your kill. The adder bites you. The hound closely misses you.
The hound misses you.
You hit the hound.
The hound is lightly wounded.
The adder closely misses you. The hound barely misses you. The hound bites you.
The hound barely misses you. The adder bites you but does no damage.
You punch the hound! Your touch misses the hound.
The hound is severely wounded.
The hound bites you but does no damage.
The hound pauses to sniff the ground.
The hound bites you but does no damage. The adder barely misses you.
You closely miss the hound.
The hound is severely wounded.
The hound barely misses you. x2; The adder closely misses you.
The hound bites you but does no damage.
You hit the hound.
You kill the hound!
Makhleb accepts your kill. The adder closely misses you.
The hound barely misses you.
You hit the hound but do no damage.
You touch the hound!
You punch the hound.
The hound is severely wounded.
The adder barely misses you. The hound closely misses you.
There are monsters nearby!
You closely miss the hound. You punch the hound.
You kill the hound!
Makhleb accepts your kill. The adder misses you.
You miss the adder. The adder misses you. The orc barely misses you.
You barely miss the adder. The adder bites you but does no damage.
You closely miss the adder. You block the adder's attack.
The orc closely misses you. The adder closely misses you.
You hit the adder.
The adder is moderately wounded.
The orc misses you. The adder bites you.
You punch the adder!
You kill the adder!
Makhleb accepts your kill.
A water moccasin comes into view.
The orc hits you with a +0 short sword.
The water moccasin hisses angrily.
You hit the centaur but do no damage. The centaur hits you.
The centaur kicks you but does no damage.
The orc barely misses you.
You hit the centaur but do no damage. The centaur hits you.
You block the centaur's attack. The orc completely misses you.
You block the centaur's attack.
The centaur kicks you but does no damage.
You closely miss the centaur. The centaur misses you.
The centaur kicks you but does no damage.
The orc barely misses you.
You hit the centaur. Your touch misses the centaur.
The centaur is lightly wounded.
The centaur closely misses you. The centaur kicks you.
The orc hits you but does no damage.
You punch the centaur! Your touch misses the centaur.
The centaur is severely wounded.
The centaur hits you but does no damage.
The centaur kicks you.
You hit the centaur.
You touch the centaur.
You kill the centaur!
Makhleb accepts your kill.
You hear the slow rusting of a very distant drain.
The orc barely misses you.
You barely miss the water moccasin. Your touch misses the water moccasin.
The water moccasin bites you but does no damage.
The orc misses you.
The shadow slips into darkness.
The shadow flickers and vanishes!
Deactivating autopickup; reactivate with Ctrl-A.
The water moccasin bites you but does no damage.
You closely miss the water moccasin.
You touch the water moccasin!
The water moccasin is moderately wounded.
The orc hits you but does no damage. You block the water moccasin's attack.
You barely miss the water moccasin. Your touch misses the water moccasin.
The water moccasin is moderately wounded.
The shadow strikes at you from the darkness!
* * * LOW HITPOINT WARNING * * *
Reactivating autopickup.
The water moccasin bites you but does no damage.
The orc hits you but does no damage.
You are too injured to fight recklessly!
You are too injured to fight recklessly!
You are too injured to fight recklessly!
You are too injured to fight recklessly!
You are too injured to fight recklessly!
You are too injured to fight recklessly!
You are too injured to fight recklessly!
You are too injured to fight recklessly!
You are too injured to fight recklessly!
You are too injured to fight recklessly!
You are too injured to fight recklessly!
The shadow misses you. The shadow hits you.
The water moccasin bites you but does no damage.
The water moccasin attacks as you move away!
The water moccasin bites you but does no damage.
You see here 11 gold pieces.
Casting: Beastly Appendage (safe; 9% risk of failure)
Confirm with . or Enter, or press ? or * to list all spells.
You grow a pair of large bovine horns.
Your feet morph into talons.
Your +0 helmet melds into your body.
The water moccasin closely misses you. The water moccasin bites you.
* * * LOW HITPOINT WARNING * * *
You closely miss the water moccasin. Your kick misses the water moccasin.
You touch the water moccasin!
The water moccasin is heavily wounded.
The water moccasin barely misses you.
You barely miss the water moccasin. You claw the water moccasin.
The water moccasin is severely wounded.
The water moccasin bites you.
* * * LOW HITPOINT WARNING * * *
You closely miss the water moccasin. Your kick misses the water moccasin.
You headbutt the water moccasin.
The water moccasin is severely wounded.
You block the water moccasin's attack.
You punch the water moccasin!
You kill the water moccasin!
Makhleb accepts your kill.
The shadow slips into darkness.
The shadow flickers and vanishes!
Deactivating autopickup; reactivate with Ctrl-A.
Your Unarmed Combat skill increases to level 8!
You hit the orc but do no damage. The orc misses you.
You punch the orc!
You kill the orc!
Makhleb accepts your kill.
The shadow strikes at you from the darkness!
* * * LOW MAGIC WARNING * * *;
* * * LOW HITPOINT WARNING * * *
Reactivating autopickup.
You closely miss the shadow. You claw the shadow, but do no damage.
You headbutt the shadow, but do no damage.
Your transformation is almost over.
Really quaff the potion of lignification?
Your horns disappear.
Your talons disappear.
Your +0 helmet unmelds from your body.
You turn into a tree.
Your +0 cloak melds into your body.
Your +0 helmet melds into your body.
The +3 robe "Dyfecam" {rPois rF- Int+4 Dex+3} melds into your body.
Your roots penetrate the ground.
The shadow hits you!
* * * LOW MAGIC WARNING * * *
You die...

.###...#........#....
..................#
..#...............#
#.###..)...<....#
#.............#.#
#.....#......#...# .
#.###.#.###..#...#
#.....#.........##
#.♣...#....#.. ..###
#W###.#...##..#
......#.()..#...# ...
#..$..#......#
#.###!# ###.. #..$†)#
.....#..) .### #.###
#.


You could see a shadow.

Vanquished Creatures
  2 water moccasins
  An ogre (D:4)
  2 centaurs
  Blork the orc (D:5)
  A gnoll sergeant (D:6)
  4 scorpions
  6 hounds
  2 jellies
  An orc priest (D:3)
  3 iguanas (D:5)
  An orc wizard (D:5)
  Robin (D:3)
  5 adders
  2 ufetubi (D:5)
  A dart slug (D:4)
  6 orcs
  5 ball pythons
  14 endoplasms
  3 giant cockroaches
  14 goblins
  10 hobgoblins
  4 jackals (D:1)
  2 quokkas
  3 bats
  2 frilled lizards
  6 kobolds
  5 rats
107 creatures vanquished.

Vanquished Creatures (others)
  6 fungi (D:6)
  A plant (D:5)
7 creatures vanquished.

Grand Total: 114 creatures vanquished

Notes
Turn   | Place    | Note
-------+----------+-------------------------------------------
     0 | D:1      | sleeves the Demonspawn Transmuter began the quest for the
                  | Orb.
     0 | D:1      | Reached XP level 1. HP: 15/15 MP: 3/3
   157 | D:1      | Reached skill level 3 in Unarmed Combat
   206 | D:1      | Gained mutation: You regenerate magic rapidly. [demonic
                  | ancestry]
   206 | D:1      | Reached XP level 2. HP: 20/21 MP: 3/5
   664 | D:1      | Found a faded altar of an unknown god.
   766 | D:1      | Gained mutation: When hurt, damage is shared between your
                  | health and your magic reserves. [demonic ancestry]
   766 | D:1      | Reached XP level 3. HP: 26/26 MP: 6/6
  1269 | D:2      | Reached skill level 4 in Unarmed Combat
  1310 | D:2      | HP: 13/26 [frozen (2)]
  1485 | D:2      | HP: 11/26 [adder (3)]
  2010 | D:3      | Gained mutation: You are partially covered in rugged brown
                  | scales. (AC +1, +3% HP) [demonic ancestry]
  2010 | D:3      | Reached XP level 4. HP: 26/32 MP: 5/7
  2040 | D:3      | Identified the +3 robe "Dyfecam" {rPois rF- Int+4 Dex+3}
  2415 | D:3      | Noticed Sigmund
  2420 | D:3      | Sigmund changed into Sigmund the jelly
  2420 | D:3      | Noticed Sigmund
  2426 | D:3      | HP: 15/32 [endoplasm (2)]
  2427 | D:3      | Killed Sigmund the jelly
  2428 | D:3      | Reached skill level 5 in Unarmed Combat
  2593 | D:3      | Gained mutation: You are mostly covered in rugged brown
                  | scales. (AC +2, +5% HP) [demonic ancestry]
  2593 | D:3      | Reached XP level 5. HP: 32/38 MP: 8/8
  2594 | D:3      | Noticed Robin
  2651 | D:3      | Killed Robin
  3339 | D:4      | Found a staircase to the Ecumenical Temple.
  3349 | Temple   | Entered the Ecumenical Temple
  3659 | Temple   | Became a worshipper of Makhleb the Destroyer
  3785 | D:4      | Reached skill level 1 in Invocations
  3969 | D:4      | Reached skill level 2 in Invocations
  3969 | D:4      | Gained mutation: Your touch may inflict minor irresistible
                  | damage on your foes. [demonic ancestry]
  3969 | D:4      | Reached XP level 6. HP: 36/45 MP: 5/9
  4041 | D:4      | Reached skill level 6 in Unarmed Combat
  4041 | D:4      | Reached skill level 3 in Invocations
  4491 | D:5      | Entered Level 5 of the Dungeon
  4576 | D:5      | Reached skill level 4 in Invocations
  4753 | D:5      | Gained mutation: A meltable shield of frost defends you.
                  | (SH +4) [demonic ancestry]
  4753 | D:5      | Reached XP level 7. HP: 50/50 MP: 10/10
  4801 | D:5      | Reached skill level 5 in Invocations
  5315 | D:5      | Reached skill level 7 in Unarmed Combat
  5507 | D:6      | Reached skill level 6 in Invocations
  5521 | D:6      | Noticed Blork the orc
  5525 | D:6      | Noticed a shadow
  5580 | D:5      | Killed Blork the orc
  5581 | D:5      | Gained mutation: When low on magic, you restore magic in
                  | place of health. [demonic ancestry]
  5581 | D:5      | Reached XP level 8. HP: 39/56 MP: 7/13
  5653 | D:6      | Reached skill level 7 in Invocations
  5701 | D:6      | HP: 22/56 [something (21)]
  5706 | D:6      | HP: 21/56 [water moccasin (1)]
  5711 | D:6      | Reached skill level 8 in Unarmed Combat
  5712 | D:6      | HP: 3/56 [something (14)]
  5714 | D:6      | Slain by a shadow

Illustrated notes

Levels and vault maps discovered:
D:1:      giann_bridges, layout_basic, shapermc_ecumenical_altar_petra,
          minivault_5
D:2:      layout_loops_ring
D:3:      layout_basic, uniq_robin, uniq_sigmund
D:4:      layout_loops_ring, temple_green, chequers_serial_rivers_room_b,
          hangedman_abyss_or_decor_jellyfish_corner
D:5:      layout_basic, serial_corexii_hall, corexii_hall_statues_i,
          corexii_hall_statues_x, corexii_shack
D:6:      hangedman_cross_stitches, layout_loops_ring,
          cheibrodos_sewer_entry_bend, serial_aquarium, aquarium_bridge_square
          [aquarium_subvault_wall, aquarium_subvault_wall,
          aquarium_subvault_bridge, aquarium_subvault_window],
          aquarium_bridge_straight [aquarium_subvault_bridge,
          aquarium_subvault_balcony, aquarium_subvault_bridge,
          aquarium_subvault_balcony], aquarium_window_corridor_1,
          aquarium_window_corner, aquarium_window_1, aquarium_window_fake,
          aquarium_view_2e, aquarium_view_2c, aquarium_pool_S,
          uniq_blork_the_orc
Temple:   mainiacjoe_temple_cubbyholes

Skill      XL: |  1  2  3  4  5  6  7  8 |
---------------+-------------------------+-----
Unarmed Combat | 3 4 5 6 7 8 |  8.0
Invocations    | 2 4 6 7 |  7.9
Fighting       | |  1.0
Dodging        | |  1.7
Spellcasting   | |  2.0
Transmutations | |  1.7

Action                   |  1- 3 |  4- 6 |  7- 9 || total
-------------------------+-------+-------+-------++-------
Melee: Unarmed           |   137 |   155 |    86 ||   378
       Kick              |     7 |    26 |    16 ||    49
       Headbutt          |    10 |    10 |     7 ||    27
       Punch             |       |     4 |     3 ||     7
       Touch             |       |     4 |    19 ||    23
 Cast: Beastly Appendage |     8 |    15 |     5 ||    28
Evoke: Wand              |       |     2 |       ||     2
  Use: Potion            |       |       |     1 ||     1
 Stab: Sleeping          |     2 |     1 |     3 ||     6
Armor: Robe              |    24 |    57 |    39 ||   120
Dodge: Dodged            |    76 |   118 |    64 ||   258
Block: Other             |       |       |    11 ||    11

Table legend: (Time is in decaauts)
 A = Elapsed time spent in this place.
 B = Non-inter-level travel time spent in this place.
 C = Inter-level travel time spent in this place.
 D = Time resting spent in this place.
 E = Time spent auto-exploring this place.
 F = Levels seen in this place.
 G = Mean time per level.
                   A        B        C        D        E       F      G
               +--------+--------+--------+--------+--------+-----+--------+
         Total |   5682 |   5431 |    251 |    332 |   4229 |   7 |  811.7 |
       Dungeon |   5329 |   5141 |    188 |    332 |   3946 |   6 |  888.2 |
        Temple |    352 |    289 |     63 |      0 |    283 |   1 |  352.0 |
               +--------+--------+--------+--------+--------+-----+--------+

Top non-repeatable levels by time:
     D:3: 1163 daAuts
     D:5: 1113 daAuts
     D:1: 1039 daAuts
     D:2: 1032 daAuts
     D:4: 885 daAuts
  Temple: 352 daAuts
     D:6: 96 daAuts
